 Dungeon Crawl Stone Soup version 0.26.0-10-g1f06aea511 (webtiles) character file.

Game seed: 17480854823478279978

86 MajorAdolf the Skirmisher (level 4, -4/42 HPs)
             Began as a Naga Wanderer on Jan 17, 2021.
             Killed by nerve-wracking pain
             ... invoked by an orc priest
              (14 damage)
             ... on level 3 of the Dungeon.
             The game lasted 00:03:05 (3489 turns).

MajorAdolf the Skirmisher (Naga Wanderer)           Turns: 3489, Time: 00:03:06

Health: -4/42      AC:  4    Str: 15    XL:     4   Next: 50%
Magic:  1/4        EV:  9    Int: 15    God:
Gold:   167        SH:  0    Dex:  8    Spells: 2/3 levels left

rFire    . . .     SeeInvis +   a - +0 quarterstaff
rCold    . . .     Faith    .   (shield currently unavailable)
rNeg     . . .     Spirit   .   r - +0 ring mail
rPois    +         Reflect  .   (no helmet)
rElec    .         Harm     .   (no cloak)
rCorr    .         Rampage  .   (no gloves)
Will     .....                  (no barding)
Stlth    +.........             (no amulet)
HPRegen  0.14/turn              s - ring of see invisible
MPRegen  0.09/turn              (no ring)

@: very slow
A: large, see invisible, deformed body, poison resistance, slowness 2, spit
poison 1, AC +1
a: Spit Poison


You were on level 3 of the Dungeon.
You visited 1 branch of the dungeon, and saw 3 of its levels.

You collected 167 gold pieces.

Inventory:

Hand Weapons
 a - a +0 quarterstaff (weapon)
Missiles
 k - 120 stones
 n - 6 poisoned darts
Armour
 d - a +0 robe
 r - a +0 ring mail (worn)
Jewellery
 s - a ring of see invisible (left hand)
Scrolls
 b - 2 scrolls of magic mapping {unknown}
 c - a scroll of teleportation
 e - 4 scrolls of identify {unknown}
 g - a scroll of remove curse {unknown}
 j - 2 scrolls of immolation {unknown}
 l - a scroll of enchant weapon {unknown}
 o - 6 scrolls of fog {unknown}
 q - a scroll of random uselessness {unknown}
Potions
 h - a potion of might {unknown}
 i - a potion of invisibility {unknown}
 m - 2 potions of degeneration {unknown}
 p - a potion of brilliance {unknown}


   Skills:
 + Level 3.0 Fighting
 + Level 1.6 Armour
 + Level 2.1 Dodging
 - Level 1.5 Stealth
 - Level 1.0 Unarmed Combat
 - Level 1.0 Translocations
 - Level 2.0 Earth Magic
 - Level 2.0 Evocations


You had 2 spell levels left.
You knew the following spells:

 Your Spells              Type           Power        Failure   Level
a - Sandblast             Erth           12%          22%         1

Your spell library contained the following spells:

 Spells                   Type           Power        Failure   Level
 Passwall                 Tmut/Erth      2%           45%         2
 Stone Arrow              Conj/Erth      6%           71%         3
 Petrify                  Tmut/Erth      3%           98%         4
 Lee's Rapid Deconstruct  Erth           3%           99%         5


Dungeon Overview and Level Annotations

Branches:
Dungeon (3/15)

Altars:
Wu Jian


Innate Abilities, Weirdness & Mutations

You cannot wear boots.
Your serpentine skin is tough. (AC +1)
You have supernaturally acute eyesight. (SInv)
Armour fits poorly on your strangely shaped body.
Your system is resistant to poisons. (rPois)
You cover ground very slowly.
You can spit poison.


Message History

You closely miss the kobold.
The kobold is severely wounded.
The kobold barely misses you.
Unknown command.
You sock the kobold!
You kill the kobold!
The rat closely misses you.
Unknown command.
You sock the rat!
You kill the rat!
The orc priest calls down the wrath of Beogh upon you.
You struggle to resist.
Unknown command.
You closely miss the kobold. The kobold hits you but does no damage.
Unknown command.
You thump the kobold!
You kill the kobold!
The orc priest mumbles some strange prayers to Beogh against you.
Pain shoots through your body!
You die...

#....##...#####.#
......#...# #.#
.....>.#...#####.#
######...........#
#...........#
#...........#
#.##.######.#
#....# #.# ######
#@# #)# .o. .....
....... .........
...........
.............


You could see an orc priest.

Vanquished Creatures
  2 adders (D:2)
  3 worms
  A dart slug (D:1)
  2 leopard geckos
  3 orcs (D:3)
  4 bats
  A giant cockroach (D:2)
  8 goblins
  7 hobgoblins
  8 kobolds
  7 frilled lizards
  9 rats
55 creatures vanquished.

Notes
Turn   | Place    | Note
-------+----------+-------------------------------------------
     0 | D:1      | MajorAdolf the Naga Wanderer began the quest for the Orb.
     0 | D:1      | MajorAdolf set off with the following items: a +0
                  | quarterstaff, a scroll of teleportation, a +0 robe; and the
                  | following spell memorised: Sandblast; and the following
                  | spells available to memorise: Passwall, Stone Arrow,
                  | Petrify, Lee's Rapid Deconstruction
     0 | D:1      | Reached XP level 1. HP: 19/19 MP: 1/1
   260 | D:1      | Reached XP level 2. HP: 25/26 MP: 2/2
   943 | D:2      | Reached skill level 1 in Armour
  1296 | D:2      | Reached XP level 3. HP: 33/33 MP: 3/3
  1525 | D:2      | Found an ornate altar of the Wu Jian Council.
  2165 | D:2      | Reached XP level 4. HP: 18/40 MP: 4/4
  2947 | D:3      | Reached skill level 3 in Fighting
  3489 | D:3      | Killed from afar by an orc priest

Illustrated notes

Levels and vault maps discovered:
D:1:      dpeg_arrival_three_smaller_balls, layout_basic, hex_tiny
D:2:      layout_basic, lemuel_doored_altar
D:3:      layout_basic

Skill      XL: |  1  2  3  4 |
---------------+-------------+-----
Armour         | 1 |  1.6
Dodging        | 2 |  2.1
Fighting       | 3 |  3.0
Stealth        | |  1.5
Unarmed Combat | |  1.0
Translocations | |  1.0
Earth Magic    | |  2.0
Evocations     | |  2.0

Action                   |  1- 3 |  4- 6 || total
-------------------------+-------+-------++-------
Melee: Quarterstaff      |   101 |    57 ||   158
 Cast: Sandblast         |     1 |     6 ||     7
 Abil: Spit Poison       |     7 |     4 ||    11
  Use: Scroll            |       |     1 ||     1
       Potion            |       |     1 ||     1
 Stab: Sleeping          |     2 |       ||     2
Armor: Robe              |    22 |     4 ||    26
       Ring mail         |       |    24 ||    24
Dodge: Dodged            |    56 |    40 ||    96
